 Dungeon Crawl Stone Soup version 0.17-a0-1638-g2ccaed7 (console) character file.

232 Monkaria the Conjurer (level 5, 0/28 HPs)
             Began as a Deep Elf Conjurer on Aug 8, 2015.
             Slain by Grinder (4 damage)
             ... on level 3 of the Dungeon.
             The game lasted 00:04:50 (2753 turns).

Monkaria the Conjurer (Deep Elf Conjurer)           Turns: 2753, Time: 00:04:51

Health: 0/28       AC:  6    Str:  5    XL:     5   Next: 73%
Magic:  9/11       EV: 13    Int: 26    God:
Gold:   118        SH:  0    Dex: 15    Spells: 2 memorised, 7 levels left

rFire  . . .     SeeInvis .     (no weapon)
rCold  . . .     Clarity  .     e - +2 animal skin
rNeg   . . .     SustAt   +     (no shield)
rPois  .         Gourm    .     i - +0 helmet
rElec  .         Spirit   .     (no cloak)
rCorr  .         Warding  .     h - +0 pair of gloves
rMut   .         Stasis   .     (no boots)
MR     .....                    (no amulet)
Stlth  ++........               (no ring)
                                r - ring of sustain attributes

@: brilliant, not resistant to hostile enchantments, unstealthy
A: no striking features
a: no special abilities


You were on level 3 of the Dungeon.
You were hungry.

You visited 1 branch of the dungeon, and saw 3 of its levels.

You collected 118 gold pieces.

Inventory:

Missiles
 f - 9 poisoned needles
Armour
 e - a +2 animal skin (worn)
 h - a +0 pair of gloves (worn)
 i - a +0 helmet (worn)
Jewellery
 o - an uncursed amulet of regeneration
 r - a ring of sustain attributes (left hand)
Magical devices
 l - a wand of teleportation (5)
Scrolls
 d - 6 scrolls of identify {unknown}
 j - 3 scrolls of teleportation {unknown}
 k - a scroll of amnesia {unknown}
 m - a scroll of fog {unknown}
 n - a scroll of recharging {unknown}
 q - a scroll of enchant weapon {unknown}
Potions
 p - 2 potions of brilliance
Books
 b - a book of Conjurations

   Spells                             Type                      Level
   a - Magic Dart                     Conjuration                  1
   b - Searing Ray                    Conjuration                  2
   c - Dazzling Spray                 Conjuration/Hexes            3
   d - Fulminant Prism                Conjuration/Hexes            4
   e - Iskenderun's Mystic Blast      Conjuration                  4
   f - Iskenderun's Battlesphere      Conjuration/Charms           5
Comestibles
 c - 6 bread rations
 g - a meat ration


   Skills:
 - Level 2.4 Dodging
 - Level 2.4 Stealth
 - Level 3.0 Spellcasting
 + Level 7.7 Conjurations


You had 7 spell levels left.
You knew the following spells:

 Your Spells              Type           Power        Failure   Level  Hunger
a - Magic Dart            Conj           ####         1%          1    None
b - Searing Ray           Conj           ######       1%          2    ##.....


Dungeon Overview and Level Annotations

Branches:
Dungeon (3/15)

Altars:
Qazlal

Annotations:
D:3 Grinder


Message History

Grinder gestures at you. Pain shoots through your body!
You can move again.
Unknown command.
Casting: Searing Ray
Confirm with . or Enter, or press ? or * to list all spells.
Aiming: Searing Ray
Press: ? - help, Shift-Dir - straight line The searing ray hits Grinder.
Grinder is lightly wounded.
Grinder hits you!
* * * LOW HITPOINT WARNING * * *
You writhe in agony.
* * * LOW HITPOINT WARNING * * *
Drink which item? (? for menu, Esc to quit)
You feel clever all of a sudden. Grinder hits you.
* * * LOW HITPOINT WARNING * * *
You writhe in agony.
You die...

###### #....# ######
#....# #....# #....#
#....# #....# ##....# ##
###.(..####.....# ..#
..........#...####### s..#
.........(#.........#....#
..........))))..@5..'....+
....###...###.......#...?#
...รท# #(..# #....)..#
#### ....####### #########
.........# .........#####
###...[......####
###.............#
##..............####


You could see Grinder.

Vanquished Creatures
  Jessica (D:2)
  An orc priest (D:3)
  2 orc wizards (D:3)
  Robin (D:3)
  A gnoll (D:1)
  2 adders
  An ooze (D:2)
  3 giant geckos (D:2)
  9 orcs
  5 bats
  12 goblins
  7 hobgoblins
  7 jackals
  A quokka (D:1)
  2 giant newts
  8 kobolds
  8 rats
71 creatures vanquished.

Notes
Turn   | Place    | Note
--------------------------------------------------------------
     0 | D:1      | Monkaria the Deep Elf Conjurer began the quest for the Orb.
     0 | D:1      | Reached XP level 1. HP: 10/10 MP: 6/6
    28 | D:1      | Reached skill level 5 in Conjurations
    28 | D:1      | Reached XP level 2. HP: 15/15 MP: 0/8
   938 | D:2      | Reached XP level 3. HP: 19/19 MP: 6/9
   947 | D:2      | Noticed Jessica
   951 | D:2      | Killed Jessica
   951 | D:2      | Reached skill level 6 in Conjurations
  1029 | D:2      | Learned a level 2 spell: Searing Ray
  1063 | D:2      | Found a stormy altar of Qazlal.
  1071 | D:2      | Reached XP level 4. HP: 24/24 MP: 6/10
  1924 | D:3      | Reached skill level 7 in Conjurations
  1924 | D:3      | Reached XP level 5. HP: 28/28 MP: 0/11
  2318 | D:3      | Noticed Robin
  2354 | D:3      | Killed Robin
  2743 | D:3      | Noticed Grinder
  2746 | D:3      | Paralysed by Grinder for 6 turns
  2753 | D:3      | Slain by Grinder

Vault maps used:
D:1:      dpeg_arrival_stonehenge_8_columns
D:2:      nicolae_overflow_crystal_walls, first_bread, minmay_liquid_box,
          uniq_jessica
D:3:      uniq_robin, uniq_grinder, uniq_crazy_yiuf_cottage

Action                   |  1- 3 |  4- 6 || total
-------------------------+-------+-------++-------
Melee: Unarmed           |     3 |     6 ||     9
 Cast: Magic Dart        |    50 |    54 ||   104
       Searing Ray       |       |    10 ||    10
  Use: Potion            |       |     6 ||     6
  Eat: Chunk             |       |     5 ||     5
